 Dungeon Crawl Stone Soup version 0.28-a0-1624-g820543e53a (webtiles) character file.

Game seed: 14727599976732186390

980 Pin the Skirmisher (level 8, -3/70 HPs)
             Began as a Hill Orc Fighter on Jan 24, 2022.
             Was a Priest of Cheibriados.
             Slain by Duvessa (8 damage)
             ... on level 5 of the Dungeon.
             The game lasted 00:13:34 (4810 turns).

Pin the Skirmisher (Hill Orc Fighter)               Turns: 4810, Time: 00:13:35

Health: -3/70      AC: 17    Str: 28    XL:     8   Next: 17%
Magic:  11/11      EV:  7    Int: 15    God:    Cheibriados [***...]
Gold:   298        SH:  6    Dex: 17    Spells: 7/7 levels left

rFire   . . .      SeeInvis .   a - +0 war axe
rCold   . . .      Faith    .   c - +0 buckler
rNeg    + . .      Spirit   .   f - +0 plate armour
rPois   .          Reflect  .   (no helmet)
rElec   .          Harm     .   (no cloak)
rCorr   .          Rampage  .   t - +0 pair of gloves
Will    .....                   (no boots)
Stlth   ..........              (no amulet)
HPRegen 0.21/turn               n - ring of positive energy
MPRegen 0.12/turn               o - +4 ring of protection

@: very slow
A: no striking features
a: Renounce Religion, Bend Time, Temporal Distortion


You were on level 5 of the Dungeon.
You worshipped Cheibriados.
Cheibriados was most pleased with you.
You visited 2 branches of the dungeon, and saw 6 of its levels.
You also visited: Sewer.

You collected 298 gold pieces.

Inventory:

Hand Weapons
 a - a +0 war axe (weapon)
Armour
 c - a +0 buckler (worn)
 f - a +0 plate armour (worn)
 t - a +0 pair of gloves (worn)
Jewellery
 n - a ring of positive energy (left hand)
 o - a +4 ring of protection (right hand)
 s - a ring of ice
Wands
 w - a wand of polymorph (5)
 z - a wand of acid (11)
Scrolls
 b - 2 scrolls of blinking {unknown}
 e - 2 scrolls of torment {unknown}
 g - 5 scrolls of teleportation
 i - 4 scrolls of identify {unknown}
 l - a scroll of fear {unknown}
 p - 5 scrolls of vulnerability {unknown}
 v - a scroll of immolation {unknown}
 y - a scroll of brand weapon {unknown}
Potions
 d - a potion of might
 h - a potion of ambrosia {unknown}
 j - 4 potions of haste {unknown}
 k - a potion of degeneration {unknown}
 m - a potion of curing {unknown}
 q - 5 potions of flight
 r - 5 potions of heal wounds {unknown}
 u - a potion of mutation {unknown}
 x - 2 potions of lignification {unknown}
 A - 2 potions of brilliance {unknown}


   Skills:
 + Level 6.1 Fighting
 + Level 6.0 Axes
 + Level 5.6 Armour
 + Level 5.6 Shields
 + Level 4.8 Invocations


You had 7 spell levels left.
You didn't know any spells.
Your spell library contained the following spells:

 Spells                   Type           Power      Damage    Failure   Level
 Scorch                   Fire           0%         2d5       99%         2
 Dazzling Flash           Conj/Hex       0%         N/A       100%        3
 Flame Wave               Conj/Fire      0%         2d4       100%        4
 Agony                    Necr           0%         N/A       100%        5
 Silence                  Hex/Air        0%         N/A       100%        5
 Summon Cactus Giant      Summ           0%         N/A       100%        6


Dungeon Overview and Level Annotations

Branches:
Dungeon (5/15)             Temple (1/1) D:4           Sewer (visited)

Altars:
Ashenzari
Cheibriados
Dithmenos
Elyvilon
Fedhas
Gozag
Hepliaklqana
Kikubaaqudgha
Makhleb
Nemelex Xobeh
Okawaru
Qazlal
Ru
Sif Muna
Trog
Uskayaw
Vehumet
Wu Jian
Zin

Shops:
D:2 (

Annotations:
D:5 Duvessa


Message History

Duvessa is lightly wounded.
Duvessa hits you with a +0 short sword! Duvessa barely misses you.
You barely miss Duvessa.
Duvessa is lightly wounded.
Duvessa hits you but does no damage. x2
You hit Duvessa.
Duvessa is lightly wounded.
You block Duvessa's attack. Duvessa hits you but does no damage.
A centaur comes into view.
You slash Duvessa!
Duvessa is heavily wounded.
You block Duvessa's attack. Duvessa hits you with a +0 short sword!
You hit Duvessa but do no damage.
Duvessa is heavily wounded.
You block Duvessa's attack. Duvessa barely misses you.
You barely miss Duvessa.
Duvessa is heavily wounded.
You block Duvessa's attack. Duvessa hits you with a +0 short sword.
You closely miss Duvessa.
Duvessa is heavily wounded.
Duvessa hits you with a +0 short sword. x2
You barely miss Duvessa.
Duvessa is heavily wounded.
You block Duvessa's attack.
You slash Duvessa!
Duvessa is severely wounded.
Duvessa closely misses you. Duvessa hits you with a +0 short sword.
You hit Duvessa but do no damage.
Duvessa is severely wounded.
Duvessa hits you with a +0 short sword.
* * * LOW HITPOINT WARNING * * *
Duvessa completely misses you.
You hit Duvessa.
Duvessa is severely wounded.
Duvessa hits you with a +0 short sword!
* * * LOW HITPOINT WARNING * * *
Duvessa hits you with a +0 short sword!
* * * LOW HITPOINT WARNING * * *
Duvessa hits you with a +0 short sword!
You die...

####### #..8..# #.....#
#8...8## ##......# ###
#...8...# .... #.......#
.....
#.......##########c.....
#.......##....@eohn.....
#.......)..#######......
###..)....#### .....
#.....))).# ....
#.#.......# ...
#.#.......###.# ##
....###.....).# ....
##.####### ....##..#


You could see Duvessa (berserk), a black bear, a necrophage, a centaur and an
orc.

Vanquished Creatures
  Grinder (D:3)
  A black bear (D:5)
  A necrophage (D:5)
  An ogre (D:4)
  A scorpion (D:5)
  Dowan (D:5)
  A water moccasin skeleton (D:4)
  A gnoll shaman (D:5)
  An iguana (D:4)
  A merfolk siren (Sewer)
  A merfolk avatar (Sewer)
  A hound skeleton (D:4)
  7 adders
  5 gnolls
  3 river rats
  An ufetubus (D:4)
  3 worms
  5 dart slugs
  An orc (D:4)
  12 ball pythons
  3 endoplasms
  2 giant cockroaches
  4 goblins
  5 hobgoblins
  4 jackals
  6 quokkas
  6 bats
  8 frilled lizards
  8 kobolds
  25 rats
120 creatures vanquished.

Notes
Turn   | Place    | Note
-------+----------+-------------------------------------------
     0 | D:1      | Pin the Hill Orc Fighter began the quest for the Orb.
     0 | D:1      | Reached XP level 1. HP: 19/19 MP: 1/1
   224 | D:1      | Reached XP level 2. HP: 21/27 MP: 2/2
   477 | D:1      | Reached XP level 3. HP: 33/33 MP: 3/3
   529 | D:1      | Found a faded altar of an unknown god.
   773 | D:2      | Found a snail-covered altar of Cheibriados.
   792 | D:2      | Became a worshipper of Cheibriados the Contemplative
   881 | D:2      | Found Foxebico's Weapon Shop.
  1347 | D:3      | Reached skill level 1 in Invocations
  1347 | D:3      | Reached XP level 4. HP: 40/40 MP: 4/4
  1497 | D:3      | Reached * piety under Cheibriados
  1550 | D:3      | Found a glowing drain.
  1583 | Sewer    | Entered a sewer
  1807 | Sewer    | Reached XP level 5. HP: 31/47 MP: 6/6
  2030 | Sewer    | Reached ** piety under Cheibriados
  2078 | Sewer    | Noticed a malarious merfolk avatar
  2097 | Sewer    | Killed a malarious merfolk avatar
  2352 | D:3      | You fall into a shaft and drop 2 floors!
  2352 | D:5      | Entered Level 5 of the Dungeon
  2356 | D:5      | Noticed a necrophage
  2362 | D:5      | Reached XP level 6. HP: 45/55 MP: 6/8
  2366 | D:5      | Killed a necrophage
  2367 | D:5      | Reached skill level 5 in Fighting
  2466 | D:5      | Noticed a black bear
  2474 | D:5      | Killed a black bear
  2495 | D:4      | Reached skill level 5 in Axes
  2495 | D:4      | Reached XP level 7. HP: 58/61 MP: 9/9
  2691 | D:4      | Reached *** piety under Cheibriados
  2695 | D:4      | Reached skill level 5 in Armour
  2695 | D:4      | Reached skill level 5 in Shields
  2937 | D:3      | Noticed Grinder
  2937 | D:3      | Paralysed by Grinder for 6 turns
  2957 | D:3      | Paralysed by Grinder for 6 turns
  3226 | D:3      | Paralysed by Grinder for 5 turns
  3243 | D:3      | Killed Grinder
  3244 | D:3      | Reached XP level 8. HP: 70/70 MP: 11/11
  3730 | D:4      | Found a staircase to the Ecumenical Temple.
  3967 | Temple   | Entered the Ecumenical Temple
  4746 | D:5      | Noticed Dowan
  4746 | D:5      | Noticed Duvessa
  4763 | D:5      | Killed Dowan
  4810 | D:5      | Slain by Duvessa

Illustrated notes

Levels and vault maps discovered:
D:1:      dpeg_arrival_three_same_balls, layout_rooms,
          ebering_ecumenical_altar_hall, nicolae_concentric_dashed_squares_mild,
          minmay_heptomino_o4
D:2:      layout_loops_ring, serial_shops, nicolae_shop_stone, basic_altar
D:3:      layout_loops_ring, cheibrodos_sewer_entry_sluice, uniq_grinder
D:4:      layout_basic, minmay_temple_entry_fiery, minmay_vboxes
D:5:      layout_rooms, nicolae_ossuary_entry_monument, serial_bayou_lagoon_a,
          minmay_manual_mess, uniq_duvessa
Temple:   mainiacjoe_temple_archimedes_tessellation

Skill      XL: |  1  2  3  4  5  6  7  8 |
---------------+-------------------------+-----
Axes           | 3 4 5 6 |  6.0
Fighting       | 4 5 6 |  6.1
Invocations    | 1 2 3 4 |  4.8
Armour         | 4 5 |  5.6
Shields        | 4 5 |  5.6

Action                   |  1- 3 |  4- 6 |  7- 9 || total
-------------------------+-------+-------+-------++-------
Melee: War axe           |    77 |   163 |   133 ||   373
       Unarmed           |       |       |     3 ||     3
Armor: Plate armour      |    61 |   126 |   101 ||   288
       Skin              |       |       |     4 ||     4
Dodge: Dodged            |    25 |    46 |    41 ||   112
Block: Buckler           |     7 |    55 |    46 ||   108

Table legend: (Time is in decaauts)
 A = Elapsed time spent in this place.
 B = Non-inter-level travel time spent in this place.
 C = Inter-level travel time spent in this place.
 D = Time resting spent in this place.
 E = Time spent auto-exploring this place.
 F = Levels seen in this place.
 G = Mean time per level.
                   A        B        C        D        E       F      G
               +--------+--------+--------+--------+--------+-----+--------+
         Total |   6049 |   5919 |    130 |   1026 |   3524 |   7 |  864.1 |
       Dungeon |   4871 |   4741 |    130 |    797 |   2927 |   5 |  974.2 |
        Temple |    288 |    288 |      0 |      0 |    240 |   1 |  288.0 |
         Sewer |    889 |    889 |      0 |    229 |    357 |   1 |  889.0 |
               +--------+--------+--------+--------+--------+-----+--------+

Top non-repeatable levels by time:
     D:4: 1493 daAuts
     D:3: 1066 daAuts
     D:2: 1011 daAuts
   Sewer: 889 daAuts
     D:1: 715 daAuts
     D:5: 583 daAuts
  Temple: 288 daAuts
